 Dungeon Crawl Stone Soup version 0.21-a0-278-ga722497 (webtiles) character file.

114 tidbits the Grave Robber (level 4, -3/33 HPs)
             Began as a Draconian Necromancer on Sept 22, 2017.
             Was an Initiate of Wu Jian.
             Slain by Natasha (8 damage)
             ... on level 2 of the Dungeon.
             The game lasted 00:08:24 (1150 turns).

tidbits the Grave Robber (Draconian Necromancer)    Turns: 1150, Time: 00:08:24

Health: -3/33      AC:  5    Str: 11    XL:     4   Next: 66%
Magic:  0/8        EV: 12    Int: 16    God:    Wu Jian [......]
Gold:   57         SH:  0    Dex: 11    Spells: 1/9 levels left

rFire    . . .     SeeInvis +   c - +1 hand axe (elec)
rCold    . . .     Gourm    .   (no shield)
rNeg     . . .     Faith    .   (armour unavailable)
rPois    .         Spirit   .   (helmet restricted)
rElec    .         Reflect  .   (no cloak)
rCorr    .         Harm     .   (no gloves)
MR       .....                  (no boots)
Stlth    ++........             (no amulet)
HPRegen  0.11/turn              I - ring of see invisible
MPRegen  0.11/turn              (no ring)

@: very slightly contaminated
A: unfitting armour, cold-blooded, AC +5
a: Renounce Religion


You were on level 2 of the Dungeon.
You worshipped Wu Jian.
Wu Jian was noncommittal.
You were not hungry.

You visited 1 branch of the dungeon, and saw 2 of its levels.

You collected 57 gold pieces.

Inventory:

Hand Weapons
 c - a +1 hand axe of electrocution (weapon)
   (You found it on level 1 of the Dungeon)
Armour
 d - a +0 buckler
Jewellery
 I - a ring of see invisible (left hand)
   (You found it on level 1 of the Dungeon)
Scrolls
 e - a scroll of blinking {unknown}
 f - a scroll of enchant armour {unknown}
 g - 2 scrolls of identify {unknown}
 i - a scroll of magic mapping {unknown}
 j - 2 scrolls of amnesia {unknown}
 l - a scroll of immolation {unknown}
 m - a scroll of fog {unknown}
Books
 a - a book of Necromancy

   Spells                             Type                      Level
   a - Pain                           Necromancy                   1
   b - Animate Skeleton               Necromancy                   1
   c - Vampiric Draining              Necromancy                   3
   d - Regeneration                   Charms/Necromancy            3
   e - Animate Dead                   Necromancy                   4
   f - Control Undead                 Necromancy                   4
Comestibles
 b - 3 bread rations
 h - 2 meat rations
 k - a fruit


   Skills:
 - Level 1.9 Dodging
 - Level 2.0 Stealth
 + Level 3.1 Spellcasting
 * Level 5.2 Necromancy


You had one spell level left.
You knew the following spells:

 Your Spells              Type           Power        Failure   Level  Hunger
n - Animate Skeleton      Necr           N/A          1%          1    None
r - Regeneration          Chrm/Necr      ##........   19%         3    ###....
v - Vampiric Draining     Necr           ###.......   6%          3    ###....
z - Pain                  Necr           ###.         1%          1    None


Dungeon Overview and Level Annotations

Branches:
Dungeon (2/15)

Altars:
Wu Jian

Annotations:
D:2 Natasha


Innate Abilities, Weirdness & Mutations

Your plain brown scales are hard. (AC +5)
You cannot fit into any form of body armour.
You are cold-blooded and may be slowed by cold attacks.


Message History

The giant cockroach bites you but does no damage.
The giant cockroach misses you.
You barely miss the giant cockroach.
The giant cockroach is severely wounded.
The giant cockroach barely misses you.
You hit the giant cockroach.
The giant cockroach is almost dead.
The giant cockroach closely misses you. x2
You barely miss the giant cockroach.
The giant cockroach is almost dead.
The giant cockroach barely misses you.
You hit the giant cockroach.
Lightning courses through the giant cockroach!
You kill the giant cockroach!
The Council accepts your kill.
m - a scroll labeled HAPIEQ EMAE
Found 10 gold pieces.
You now have 57 gold pieces (gained 10).
All of the chunks of flesh in your inventory have rotted away.
Found a stone staircase leading up.
Found a buckler.
Found a bread ration.
You see here a buckler.
d - a buckler A rat comes into view.
You see here a bread ration.
You closely miss the rat. The rat barely misses you.
You slash the rat!
You kill the rat!
The Council accepts your kill.
b - 3 bread rations (gained 1)
Okay, then.
You see here a rat corpse.
Natasha, Servant of Life and Death comes into view.
Natasha hisses angrily.
Casting: Pain
Confirm with . or Enter, or press ? or * to list all spells.
Aiming: Pain
Press: ? - help, Shift-Dir - straight line, f - Natasha
Aim: Natasha (chance to defeat MR: 78%) Natasha barely resists.
Natasha casts a spell at you. The magic dart hits you!
Casting: Pain
Confirm with . or Enter, or press ? or * to list all spells.
Aiming: Pain
Press: ? - help, Shift-Dir - straight line, f/p - Natasha
Aim: Natasha (chance to defeat MR: 78%) Natasha writhes in agony!
Natasha closely misses you.
Casting: Pain
Confirm with . or Enter, or press ? or * to list all spells.
Aiming: Vampiric Draining
Press: ? - help, Shift-Dir - straight line, f/p - Natasha
Aim: Natasha Natasha is heavily wounded.
You feel life coursing into your body.
Natasha drinks a potion.
Natasha is healed!
Natasha stares at you and mumbles some strange words.
The magic dart hits you!
Casting: Vampiric Draining
Confirm with . or Enter, or press ? or * to list all spells.
Aiming: Vampiric Draining
Press: ? - help, Shift-Dir - straight line, f/p - Natasha
Aim: Natasha You miscast Vampiric Draining.
You are very lightly contaminated with residual magic.
Nothing appears to happen.
Natasha closely misses you.
You hit Natasha.
Natasha is lightly wounded.
Your frilled lizard skeleton closely misses Natasha.
Natasha claws you.
You closely miss Natasha.
You tail-slap Natasha, but do no damage.
Natasha is lightly wounded.
Natasha claws you.
* * * LOW HITPOINT WARNING * * *
Your frilled lizard skeleton barely misses Natasha.
You hit Natasha. You tail-slap Natasha.
Natasha is heavily wounded.
Natasha misses you.
Your frilled lizard skeleton closely misses Natasha.
Natasha claws you.
* * * LOW HITPOINT WARNING * * *
You hit Natasha but do no damage.
Natasha is heavily wounded.
Your frilled lizard skeleton bites Natasha.
Natasha claws you!
* * * LOW HITPOINT WARNING * * *
You aren't carrying any potions.
Unknown command.
Casting: Vampiric Draining
Confirm with . or Enter, or press ? or * to list all spells.
Aiming: Pain
Press: ? - help, Shift-Dir - straight line, f/p - Natasha
Aim: Natasha (heavily wounded, chance to defeat MR: 78%) Natasha writhes in agony!
Your frilled lizard skeleton bites Natasha but does no damage.
Natasha claws you!
You die...

######## #....@h#
#.####Z##
##...############
#...............#
##...##########.#
##.## #Z# #.#
##.## #.# ##..†##
#'# #.###.#


You could see Natasha and a friendly frilled lizard skeleton.

Vanquished Creatures
  Natasha (twice) (D:2)
  A gnoll (D:2)
  An adder (D:2)
  A dart slug (D:2)
  A leopard gecko (D:1)
  4 giant cockroaches
  8 goblins
  2 hobgoblins (D:1)
  3 jackals (D:1)
  6 kobolds
  A quokka (D:2)
  4 bats
  3 frilled lizards
  7 rats
44 creatures vanquished.

Vanquished Creatures (collateral kills)
  2 giant cockroaches
  A bat (D:2)
  A kobold (D:1)
4 creatures vanquished.

Grand Total: 48 creatures vanquished

Notes
Turn   | Place    | Note
-------+----------+-------------------------------------------
     0 | D:1      | tidbits the Draconian Necromancer began the quest for the Orb.
     0 | D:1      | Reached XP level 1. HP: 14/14 MP: 3/3
    34 | D:1      | Learned a level 1 spell: Animate Skeleton
    71 | D:1      | Reached skill level 2 in Stealth
   199 | D:1      | Reached XP level 2. HP: 9/20 MP: 0/5
   507 | D:1      | Reached XP level 3. HP: 2/26 MP: 0/6
   620 | D:1      | Learned a level 3 spell: Vampiric Draining
   694 | D:2      | Noticed Natasha
   767 | D:2      | Killed Natasha
   809 | D:2      | Reached XP level 4. HP: 24/33 MP: 1/8
   864 | D:2      | Noticed Natasha
   873 | D:2      | Reached skill level 3 in Spellcasting
   883 | D:2      | Killed Natasha
   883 | D:2      | Reached skill level 5 in Necromancy
   918 | D:2      | Learned a level 3 spell: Regeneration
  1062 | D:2      | Found an ornate altar of the Wu Jian Council.
  1071 | D:2      | Became a worshipper of the Wu Jian Council
  1138 | D:2      | Noticed Natasha
  1150 | D:2      | Slain by Natasha

Vault maps used:
D:1:      nicolae_arrival_memento_mori, minmay_heptomino_d4
D:2:      nicolae_overflow_crystal_walls, first_bread, uniq_natasha

Skill      XL: |  1  2  3  4 |
---------------+-------------+-----
Stealth        | 2 |  2.0
Spellcasting   | 3 |  3.1
Necromancy     | 5 |  5.2
Dodging        | |  1.9

Action                   |  1- 3 |  4- 6 || total
-------------------------+-------+-------++-------
Melee: Hand axe          |    28 |    21 ||    49
       Tailslap          |     1 |     2 ||     3
 Cast: Pain              |    44 |    12 ||    56
       Animate Skeleton  |     5 |     3 ||     8
       Vampiric Draining |     1 |     2 ||     3
       Regeneration      |       |     1 ||     1
  Use: Potion            |       |     1 ||     1
  Eat: Chunk             |     1 |     2 ||     3
Armor: Skin              |    11 |    10 ||    21
Dodge: Dodged            |    25 |    17 ||    42

Table legend:
 A = Spawn XP
 B = Non-spawn XP
 C = Spawn XP percentage of total XP
 D = Spawn monster count
 E = Non-spawn monster count
 F = Spawn count percentage of total count
 G = Total turns spent on level
                    A         B        C        D         E        F      G
               +---------+---------+-------+---------+---------+-------+---------
         Total |       0 |     163 |   0.0 |       0 |      48 |   0.0 |  1150
               +---------+---------+-------+---------+---------+-------+---------
           D:1 |       0 |      39 |   0.0 |       0 |      27 |   0.0 |   638
           D:2 |       0 |     124 |   0.0 |       0 |      21 |   0.0 |   512
               +---------+---------+-------+---------+---------+-------+---------

Table legend:
 A = Turns spent in this place as a percentage of turns spent in the entire game.
 B = Non-inter-level travel turns spent in this place as a percentage of non-inter-level travel turns spent in the entire game.
 C = Inter-level travel turns spent in this place as a percentage of turns spent in this place.
 D = Turns resting spent in this place as a percentage of non-inter-level travel turns spent in this place.
 E = Turns spent auto-exploring this place as a percentage of non-inter-level travel turns spent in this place.
 F = Non-inter-level travel turns spent in this place divided by the number of levels of this place that you've seen.
                   A       B       C       D       E      F
               +-------+-------+-------+-------+-------+----------------------
         Total | 100.0 | 100.0 |   0.0 |   0.0 |   0.0 | 575.0
       Dungeon | 100.0 | 100.0 |   0.0 |   0.0 |   0.0 | 575.0
               +-------+-------+-------+-------+-------+----------------------

Table legend:
 A = Kills in this place as a percentage of kills in entire the game.
 B = Kills by you in this place as a percentage of kills by you in the entire game.
 C = Kills by friends in this place as a percentage of kills by friends in the entire game.
 D = Other kills in this place as a percentage of other kills in the entire game.
 E = Experience gained in this place as a percentage of experience gained in the entire game.
 F = Experience gained in this place divided by the number of levels of this place that you have seen.
                   A       B       C       D       E      F
               +-------+-------+-------+-------+-------+----------------------
         Total | 100.0 | 100.0 | 100.0 |   N/A | 100.0 |  81.5
       Dungeon | 100.0 | 100.0 | 100.0 |   N/A | 100.0 |  81.5
               +-------+-------+-------+-------+-------+----------------------

Vault maps used:
D:1:      nicolae_arrival_memento_mori, minmay_heptomino_d4
D:2:      nicolae_overflow_crystal_walls, first_bread, uniq_natasha
